Predators vs Flames
Created - February 15, 2018 at 19:06
Goals
|
| Predators |
1 |
1 |
0 |
2 |
| Flames |
3 |
1 |
1 |
5 |
|
Shots
|
| Predators |
6 |
11 |
14 |
31 |
| Flames |
14 |
9 |
15 |
38 |
|
1st period
1. Flames , David Backes 30 (Eric Staal 48) at 1:53
2. Predators , James Van Riemsdyk 10 (Niclas Bergfors 30, Brett Clark 8) at 11:50
3. Flames , David Backes 31 (Eric Staal 49, Alexander Semin 43) at 12:08
4. Flames , David Backes 32 (Steve Eminger 11, Eric Staal 50) at 16:01
Penalties :
Barret Jackman (Nas) for Hooking (Minor) at 12:11
2nd period
5. Predators , Ryan Mcdonagh 4 (Alexander Edler 31, Justin Abdelkader 10) at 1:38
6. Flames , Erik Johnson 6 (Alexander Semin 44) at 16:11 (PP)
Penalties :
Steve Regier (Cal) for Roughing (Minor) at 6:15, Niclas Bergfors (Nas) for Tripping (Minor) at 16:01, Byron Bitz (Nas) for Hooking (Minor) at 19:46
3rd period
7. Flames , Steve Regier 18 (Jordin Tootoo 19, Pekka Rinne) at 11:26 (PP)
Penalties :
Barret Jackman (Nas) for Holding Stick (Minor) at 2:35, Byron Bitz (Nas) for Holding (Minor) at 10:49, David Backes (Cal) for Elbowing (Minor) at 15:07, Dmitri Kalinin (Nas) for Interference (Minor) at 19:39
Goalie Stats
Viktor Fasth (Nas), 33 saves from 38 shots - (0.868), L, 23-17-1, 60:00 minutes
Pekka Rinne (Cal), 29 saves from 31 shots - (0.935), W, 19-16-5, 60:00 minutes
Players Stats for Predators
Player Name G A P +/- PIM S H SB GA TA FO MP PP MP PK MP
------------------------------------------------------------------------------------
Adam Burish 0 0 0 0 0 1 1 1 1 0 0/1 12:29 0:00 2:04
Alexander Edler 0 1 1 0 0 1 0 3 2 0 0/0 28:45 1:59 4:02
Alexander Ovechkin 0 0 0 -1 0 4 0 0 0 0 3/5 19:12 2:12 2:08
Alexander Steen 0 0 0 -1 0 0 0 1 0 0 1/1 12:30 0:00 0:18
Andy Miele 0 0 0 1 0 4 0 1 0 0 8/10 14:04 1:46 0:44
Barret Jackman 0 0 0 0 4 0 1 3 0 0 0/0 11:06 0:00 0:00
Brendan Gallagher 0 0 0 1 0 1 0 0 0 0 0/0 13:10 1:46 0:00
Brett Clark 0 1 1 0 0 0 0 2 0 0 0/0 14:04 0:00 3:01
Byron Bitz 0 0 0 -1 4 4 0 0 1 0 0/0 17:27 0:00 2:46
Dmitri Kalinin 0 0 0 -1 2 1 0 4 3 1 0/0 17:16 1:59 0:30
James Van Riemsdyk 1 0 1 1 0 6 1 1 1 0 0/0 13:10 1:46 0:00
John Moore 0 0 0 -1 0 0 0 1 0 0 0/0 19:53 1:59 2:33
Justin Abdelkader 0 1 1 0 0 1 1 0 0 0 0/0 10:26 0:00 0:00
Kris Vernarsky 0 0 0 0 0 0 0 0 0 0 3/3 10:15 0:00 0:00
Mikael Granlund 0 0 0 -1 0 0 0 1 0 0 2/7 13:58 0:00 1:46
Niclas Bergfors 0 1 1 -1 2 4 2 0 1 1 0/0 14:26 2:12 0:00
Ryan Kesler 0 0 0 -1 0 2 1 1 0 0 24/45 21:31 2:12 4:22
Ryan Mcdonagh 1 0 1 0 0 2 0 2 2 0 0/0 29:08 1:59 4:02
Players Stats for Flames
Player Name G A P +/- PIM S H SB GA TA FO MP PP MP PK MP
------------------------------------------------------------------------------------
Alexander Semin 0 2 2 3 0 3 2 2 0 0 2/4 23:06 4:26 1:47
Brad Marchand 0 0 0 -1 0 2 1 0 1 1 1/1 10:44 0:00 0:00
Brendan Mikkelson 0 0 0 0 0 0 0 1 0 1 0/0 14:53 2:44 0:00
Colin Wilson 0 0 0 -1 0 1 0 0 0 0 0/2 7:23 0:00 0:00
David Backes 3 0 3 3 2 6 2 0 0 0 0/1 21:18 4:26 0:00
Derek Meech 0 0 0 0 0 2 2 1 0 1 0/0 18:53 4:31 1:37
Eric Staal 0 3 3 3 0 5 1 1 0 1 18/39 23:31 4:26 2:11
Erik Johnson 1 0 1 0 0 6 1 2 0 2 0/0 24:26 4:20 1:37
Jonathan Ferland 0 0 0 -1 0 0 0 0 0 1 0/0 10:44 0:00 0:00
Jordin Tootoo 0 1 1 -1 0 2 2 0 0 1 0/1 12:17 2:38 2:11
Lubomir Visnovsky 0 0 0 1 0 2 0 2 1 0 0/0 20:41 0:00 2:21
Marcus Nilson 0 0 0 0 0 1 3 1 0 0 0/1 13:53 0:00 0:00
Michel Ouellet 0 0 0 0 0 1 0 0 0 1 0/0 13:53 0:00 0:00
Mikhail Grabovski 0 0 0 -1 0 2 0 2 0 0 2/7 12:31 0:00 1:47
Patrik Berglund 0 0 0 0 0 2 1 0 0 0 8/15 16:35 2:38 0:00
Ron Hainsey 0 0 0 0 0 0 1 0 0 1 0/0 20:26 2:33 0:00
Steve Eminger 0 1 1 1 0 2 0 2 0 0 0/0 20:41 0:00 2:21
Steve Regier 1 0 1 -1 2 1 1 0 0 1 0/1 10:05 2:38 0:00
3 Stars
1 - David Backes (Cal)
2 - Eric Staal (Cal)
3 - Alexander Semin (Cal)
Power Play
Predators - 0 on 2 Attempt(s) - 0.00%
Flames - 2 on 6 Attempt(s) - 33.33%
Penalty Kill
Predators - 4 on 6 Attempt(s) - 66.67%
- Score 0 goal in Penalty Kill
Flames - 2 on 2 Attempt(s) - 100.00%
- Score 0 goal in Penalty Kill
Team Stat
Predators - Hits : 7 - Faceoff Wins : 41 - Blocked Shots : 21 - Penalty Minutes : 12
Flames - Hits : 17 - Faceoff Wins : 31 - Blocked Shots : 14 - Penalty Minutes : 4
Official
Referees : Rooney Chris and Meier Brad
Linesman : Michel Cormier and Tim Nowak
Game Notes
David Backes has scored a Hat Trick!
1:38 of 2nd period - Predators goal is going for a video replay. After video review, Goal.
8:45 of 3rd period - Predators goal is going for a video replay. After video review, No Goal. The puck has been kicked using a distinct kicking motion.
Finance
Level 1 -- Attendance: 5177 (86.28%) -- Ticket Income $471,107
Level 2 -- Attendance: 4382 (87.64%) -- Ticket Income $249,774
Level 3 -- Attendance: 1615 (80.75%) -- Ticket Income $61,370
Level 4 -- Attendance: 4000 (100.00%) -- Ticket Income $108,000
Luxury Box -- Attendance: 878 (87.80%) -- Ticket Income $143,992
Game was played at the Metal Center.
Total Attendance: 16052 (89.18%)
Total Ticket Income: $1,034,243
Other Income: $155,136
Total Income: $1,189,379
Predators
5 vs 5 Forward
Center Left Wing Right Wing Time % Phy DF OF
1 Ryan Kesler Alexander Ovechkin Byron Bitz 40 1 2 2
2 Mikael Granlund Alexander Steen Niclas Bergfors 30 1 2 2
3 Andy Miele James Van Riemsdyk Brendan Gallagher 20 1 2 2
4 Kris Vernarsky Justin Abdelkader Adam Burish 10 1 2 2
5 vs 5 Defense
Defense Defense Time % Phy DF OF
1 Ryan Mcdonagh Alexander Edler 40 1 2 2
2 John Moore Dmitri Kalinin 30 1 2 2
3 Barret Jackman Brett Clark 20 1 2 2
4 Ryan Mcdonagh Alexander Edler 10 1 2 2
PowerPlay Forward
Center Left Wing Right Wing Time % Phy DF OF
1 Ryan Kesler Alexander Ovechkin Niclas Bergfors 60 1 0 4
2 Andy Miele James Van Riemsdyk Brendan Gallagher 40 1 0 4
PowerPlay Defense
Defense Defense Time % Phy DF OF
1 Ryan Mcdonagh John Moore 60 1 1 3
2 Alexander Edler Dmitri Kalinin 40 1 1 3
Penalty Kill 4 Players Forward
Center Wing Time % Phy DF OF
1 Ryan Kesler Byron Bitz 60 1 2 2
2 Andy Miele Adam Burish 40 1 2 2
Penalty Kill 4 Players Defense
Defense Defense Time % Phy DF OF
1 Ryan Mcdonagh Alexander Edler 60 1 3 1
2 John Moore Brett Clark 40 1 3 1
Penalty Kill - 3 Players Forward
Forward Time % Phy DF OF
1 Byron Bitz 60 1 2 2
2 Adam Burish 40 1 2 2
Penalty Kill - 3 Players Defense
Defense Defense Time % Phy DF OF
1 Ryan Mcdonagh Alexander Edler 60 1 3 1
2 John Moore Brett Clark 40 1 3 1
4 vs 4 Forward
Center Wing Time % Phy DF OF
1 Ryan Kesler Alexander Ovechkin 60 1 2 2
2 Byron Bitz Niclas Bergfors 40 1 2 2
4 vs 4 Defense
Defense Defense Time % Phy DF OF
1 Ryan Mcdonagh Alexander Edler 60 1 2 2
2 John Moore Dmitri Kalinin 40 1 2 2
Last Minutes Offensive
Center Left Wing Right Wing Defense Defense
Ryan Kesler Alexander Ovechkin Niclas Bergfors Ryan Mcdonagh Alexander Edler
Last Minutes Defensive
Center Left Wing Right Wing Defense Defense
Ryan Kesler Adam Burish Byron Bitz Ryan Mcdonagh John Moore
Goaltenders
Starting : Viktor Fasth
Backup : Chad Johnson
Extra Forwards
Normal : Brendan Gallagher, James Van Riemsdyk, Justin Abdelkader - PP : Alexander Steen, James Van Riemsdyk - PK : Adam Burish
Extra Defensemen
Normal : Dmitri Kalinin, Barret Jackman, Alexander Edler - PP : Dmitri Kalinin - PK : Barret Jackman, Ryan Mcdonagh
Penalty Shots
Alexander Ovechkin, Ryan Kesler, Niclas Bergfors, Byron Bitz, Alexander Steen
Scratches
Andrej Meszaros (Healthy)
Flames
5 vs 5 Forward
Center Left Wing Right Wing Time % Phy DF OF
1 Eric Staal Alexander Semin David Backes 40 0 2 3
2 Patrik Berglund Marcus Nilson Michel Ouellet 33 0 2 3
3 Colin Wilson Steve Regier Jordin Tootoo 19 0 2 3
4 Mikhail Grabovski Brad Marchand Jonathan Ferland 8 1 2 2
5 vs 5 Defense
Defense Defense Time % Phy DF OF
1 Ron Hainsey Erik Johnson 38 1 2 2
2 Lubomir Visnovsky Steve Eminger 29 1 2 2
3 Derek Meech Brendan Mikkelson 23 1 2 2
4 Lubomir Visnovsky Steve Eminger 10 1 2 2
PowerPlay Forward
Center Left Wing Right Wing Time % Phy DF OF
1 Eric Staal Alexander Semin David Backes 60 1 1 3
2 Patrik Berglund Steve Regier Jordin Tootoo 40 1 1 3
PowerPlay Defense
Defense Defense Time % Phy DF OF
1 Derek Meech Erik Johnson 60 1 1 3
2 Ron Hainsey Brendan Mikkelson 40 1 1 3
Penalty Kill 4 Players Forward
Center Wing Time % Phy DF OF
1 Mikhail Grabovski Alexander Semin 50 1 3 1
2 Eric Staal Jordin Tootoo 50 1 3 1
Penalty Kill 4 Players Defense
Defense Defense Time % Phy DF OF
1 Lubomir Visnovsky Steve Eminger 58 1 3 1
2 Derek Meech Erik Johnson 42 1 3 1
Penalty Kill - 3 Players Forward
Forward Time % Phy DF OF
1 Eric Staal 50 1 3 1
2 Alexander Semin 50 1 3 1
Penalty Kill - 3 Players Defense
Defense Defense Time % Phy DF OF
1 Lubomir Visnovsky Steve Eminger 58 1 3 1
2 Derek Meech Erik Johnson 42 1 3 1
4 vs 4 Forward
Center Wing Time % Phy DF OF
1 Eric Staal Alexander Semin 60 1 2 2
2 Patrik Berglund Jordin Tootoo 40 1 2 2
4 vs 4 Defense
Defense Defense Time % Phy DF OF
1 Derek Meech Erik Johnson 60 1 2 2
2 Lubomir Visnovsky Steve Eminger 40 1 2 2
Last Minutes Offensive
Center Left Wing Right Wing Defense Defense
Eric Staal Alexander Semin David Backes Derek Meech Erik Johnson
Last Minutes Defensive
Center Left Wing Right Wing Defense Defense
Eric Staal Alexander Semin David Backes Derek Meech Erik Johnson
Goaltenders
Starting : Pekka Rinne
Backup : Josh Harding
Extra Forwards
Normal : Brad Marchand, Jordin Tootoo, Patrik Berglund - PP : Brad Marchand, Jordin Tootoo - PK : Brad Marchand
Extra Defensemen
Normal : Lubomir Visnovsky, Derek Meech, Steve Eminger - PP : Brendan Mikkelson - PK : Brendan Mikkelson, Erik Johnson
Penalty Shots
Eric Staal, Alexander Semin, David Backes, Patrik Berglund, Colin Wilson
Scratches
None
% Time on Ice - Predators
Lines # - Real PCT - Wanted PCT - Time Play
Normal Forward
1 - 31% - 40% - 14:57
2 - 25% - 30% - 12:22
3 - 23% - 20% - 11:24
4 - 21% - 10% - 10:15
Normal Defense
1 - 41% - 40% - 20:18
2 - 31% - 30% - 14:58
3 - 22% - 20% - 10:53
4 - 6% - 10% - 2:49
PP Forward
1 - 55% - 60% - 2:12
2 - 45% - 40% - 1:46
PP Defense
1 - 50% - 60% - 1:59
2 - 50% - 40% - 1:59
PK Forward
1 - 90% - 60% - 6:20
2 - 10% - 40% - 0:44
PK Defense
1 - 64% - 60% - 4:31
2 - 36% - 40% - 2:33
PK3 Forward
1 - 0% - 60%
2 - 0% - 40%
PK3 Defense
1 - 0% - 60%
2 - 0% - 40%
44 Forward
1 - 0% - 60%
2 - 0% - 40%
44 Defense
1 - 0% - 60%
2 - 0% - 40%
Last Minute Offensive - 0:00
Last Minute Defensive - 0:00
Total
Forward - 60:00
Defense - 60:00
|
% Time on Ice - Flames
Lines # - Real PCT - Wanted PCT - Time Play
Normal Forward
1 - 34% - 40% - 16:53
2 - 29% - 33% - 13:58
3 - 15% - 19% - 7:23
4 - 22% - 8% - 10:44
Normal Defense
1 - 40% - 38% - 19:43
2 - 30% - 29% - 14:32
3 - 23% - 23% - 11:17
4 - 7% - 10% - 3:26
PP Forward
1 - 63% - 60% - 4:26
2 - 37% - 40% - 2:38
PP Defense
1 - 64% - 60% - 4:31
2 - 36% - 40% - 2:33
PK Forward
1 - 45% - 50% - 1:47
2 - 55% - 50% - 2:11
PK Defense
1 - 59% - 58% - 2:21
2 - 41% - 42% - 1:37
PK3 Forward
1 - 0% - 50%
2 - 0% - 50%
PK3 Defense
1 - 0% - 58%
2 - 0% - 42%
44 Forward
1 - 0% - 60%
2 - 0% - 40%
44 Defense
1 - 0% - 60%
2 - 0% - 40%
Last Minute Offensive - 0:00
Last Minute Defensive - 0:00
Total
Forward - 60:00
Defense - 60:00
|
Play by Play
1st period
0:01 of 1st period - Ryan Kesler wins face-off versus Eric Staal in neutral zone.
0:29 of 1st period - Snap shot by Niclas Bergfors.
0:29 of 1st period - Shot Hit the Post.
0:49 of 1st period - Wrist shot by Jordin Tootoo.
0:49 of 1st period - Stopped by Viktor Fasth without a rebound.
0:50 of 1st period - Andy Miele wins face-off versus Steve Regier in Predators zone.
1:28 of 1st period - Brad Marchand is hit by Justin Abdelkader and loses puck.
1:43 of 1st period - Wrist shot by Alexander Semin.
1:43 of 1st period - Deflect By Eric Staal.
1:43 of 1st period - Stopped by Viktor Fasth without a rebound.
1:44 of 1st period - Eric Staal wins face-off versus Mikael Granlund in Predators zone.
1:53 of 1st period - Wrist shot by David Backes.
1:53 of 1st period - Goal by David Backes - Predators : 0 - Flames : 1.
1:54 of 1st period - Ryan Kesler wins face-off versus Patrik Berglund in neutral zone.
2:07 of 1st period - Wrist shot by Alexander Ovechkin.
2:07 of 1st period - Stopped by Pekka Rinne with a rebound.
2:09 of 1st period - Wrist shot by Ryan Kesler.
2:09 of 1st period - Stopped by Pekka Rinne without a rebound.
2:10 of 1st period - Mikael Granlund wins face-off versus Eric Staal in Flames zone.
2:21 of 1st period - Slapshot by Niclas Bergfors.
2:21 of 1st period - Shot Misses the Net.
2:37 of 1st period - Snap shot by Andy Miele.
2:37 of 1st period - Shot Blocked by Alexander Semin.
2:39 of 1st period - Wrist shot by Andy Miele.
2:39 of 1st period - Stopped by Pekka Rinne with a rebound.
2:41 of 1st period - Slapshot by Brett Clark.
2:41 of 1st period - Shot Blocked by Eric Staal.
2:45 of 1st period - Wrist shot by Andy Miele.
2:45 of 1st period - Shot Misses the Net.
3:24 of 1st period - Wrist shot by Colin Wilson.
3:24 of 1st period - Shot Blocked by Dmitri Kalinin.
3:26 of 1st period - Slapshot by Colin Wilson.
3:26 of 1st period - Stopped by Viktor Fasth without a rebound.
3:27 of 1st period - Patrik Berglund wins face-off versus Ryan Kesler in Predators zone.
4:23 of 1st period - Snap shot by Eric Staal.
4:23 of 1st period - Stopped by Viktor Fasth without a rebound.
4:24 of 1st period - Patrik Berglund wins face-off versus Ryan Kesler in Predators zone.
5:17 of 1st period - Snap shot by Mikael Granlund.
5:17 of 1st period - Shot Blocked by Mikhail Grabovski.
6:36 of 1st period - Off-side.
6:37 of 1st period - Alexander Ovechkin wins face-off versus Mikhail Grabovski in neutral zone.
7:49 of 1st period - Snap shot by Mikhail Grabovski.
7:49 of 1st period - Shot Misses the Net.
7:51 of 1st period - Wrist shot by Erik Johnson.
7:51 of 1st period - Stopped by Viktor Fasth with a rebound.
7:53 of 1st period - Snap shot by Brad Marchand.
7:53 of 1st period - Shot Misses the Net.
8:40 of 1st period - Slapshot by Erik Johnson.
8:40 of 1st period - Stopped by Viktor Fasth with a rebound.
9:59 of 1st period - Ron Hainsey is hit by Adam Burish and loses puck.
10:30 of 1st period - Wrist shot by Adam Burish.
10:30 of 1st period - Shot Misses the Net.
11:03 of 1st period - Slapshot by Erik Johnson.
11:03 of 1st period - Stopped by Viktor Fasth without a rebound.
11:04 of 1st period - Eric Staal wins face-off versus Ryan Kesler in Predators zone.
11:29 of 1st period - Alexander Steen is hit by Marcus Nilson and loses puck.
11:40 of 1st period - Snap shot by Patrik Berglund.
11:40 of 1st period - Shot Misses the Net.
11:50 of 1st period - Slapshot by James Van Riemsdyk.
11:50 of 1st period - Goal by James Van Riemsdyk - Predators : 1 - Flames : 1.
11:51 of 1st period - Ryan Kesler wins face-off versus Eric Staal in neutral zone.
12:06 of 1st period - Snap shot by Eric Staal.
12:06 of 1st period - Shot Blocked by Dmitri Kalinin.
12:08 of 1st period - Snap shot by David Backes.
12:08 of 1st period - Goal by David Backes - Predators : 1 - Flames : 2.
12:09 of 1st period - Ryan Kesler wins face-off versus David Backes in neutral zone.
12:11 of 1st period - Minor Penalty to Barret Jackman for Hooking.
12:12 of 1st period - Eric Staal wins face-off versus Ryan Kesler in Predators zone.
12:45 of 1st period - Off-side.
12:46 of 1st period - Eric Staal wins face-off versus Ryan Kesler in neutral zone.
14:11 of 1st period - Penalty to Barret Jackman is over, Barret Jackman is back on ice.
14:39 of 1st period - Andy Miele is hit by Patrik Berglund and loses puck.
15:02 of 1st period - Snap shot by Andy Miele.
15:02 of 1st period - Stopped by Pekka Rinne without a rebound.
15:03 of 1st period - Eric Staal wins face-off versus Ryan Kesler in Flames zone.
15:11 of 1st period - Off-side.
15:12 of 1st period - Eric Staal wins face-off versus Ryan Kesler in neutral zone.
15:20 of 1st period - Snap shot by Eric Staal.
15:20 of 1st period - Shot Blocked by Barret Jackman.
15:51 of 1st period - Wrist shot by David Backes.
15:51 of 1st period - Stopped by Viktor Fasth with a rebound.
15:53 of 1st period - Slapshot by Lubomir Visnovsky.
15:53 of 1st period - Shot Blocked by Adam Burish.
15:55 of 1st period - Snap shot by Eric Staal.
15:55 of 1st period - Shot Blocked by Barret Jackman.
15:57 of 1st period - Slapshot by Steve Eminger.
15:57 of 1st period - Stopped by Viktor Fasth with a rebound.
15:59 of 1st period - Snap shot by Steve Eminger.
15:59 of 1st period - Stopped by Viktor Fasth with a rebound.
16:01 of 1st period - Slapshot by Steve Eminger.
16:01 of 1st period - Deflect By David Backes.
16:01 of 1st period - Goal by David Backes - Predators : 1 - Flames : 3.
16:02 of 1st period - Patrik Berglund wins face-off versus Ryan Kesler in neutral zone.
16:05 of 1st period - Alexander Ovechkin is hit by Marcus Nilson and loses puck.
16:30 of 1st period - Alexander Edler is hit by Jordin Tootoo and loses puck.
17:07 of 1st period - Slapshot by Ryan Mcdonagh.
17:07 of 1st period - Stopped by Pekka Rinne with a rebound.
17:09 of 1st period - Snap shot by Adam Burish.
17:09 of 1st period - Shot Misses the Net.
18:04 of 1st period - Alexander Edler is hit by Derek Meech and loses puck.
18:11 of 1st period - Alexander Edler is hit by Derek Meech and loses puck.
18:29 of 1st period - Wrist shot by Marcus Nilson.
18:29 of 1st period - Shot Blocked by Ryan Kesler.
18:31 of 1st period - Wrist shot by Patrik Berglund.
18:31 of 1st period - Stopped by Viktor Fasth with a rebound.
18:33 of 1st period - Snap shot by Marcus Nilson.
18:33 of 1st period - Shot Misses the Net.
19:15 of 1st period - Slapshot by Kris Vernarsky.
19:15 of 1st period - Shot Misses the Net.
19:25 of 1st period - Snap shot by Patrik Berglund.
19:25 of 1st period - Shot Misses the Net.
19:27 of 1st period - Snap shot by Marcus Nilson.
19:27 of 1st period - Shot Blocked by Dmitri Kalinin.
19:29 of 1st period - Wrist shot by Michel Ouellet.
19:29 of 1st period - Shot Blocked by Andy Miele.
19:51 of 1st period - Snap shot by Jonathan Ferland.
19:51 of 1st period - Shot Misses the Net.
19:53 of 1st period - Slapshot by Brad Marchand.
19:53 of 1st period - Shot Blocked by John Moore.
Goals for this period are 1 for Predators vs 3 for Flames.
Shots for this period are 6 for Predators vs 14 for Flames.
2nd period
0:01 of 2nd period - Eric Staal wins face-off versus Ryan Kesler in neutral zone.
0:35 of 2nd period - Snap shot by Mikael Granlund.
0:35 of 2nd period - Shot Misses the Net.
0:37 of 2nd period - Snap shot by Niclas Bergfors.
0:37 of 2nd period - Stopped by Pekka Rinne with a rebound.
0:51 of 2nd period - Snap shot by Steve Regier.
0:51 of 2nd period - Shot Blocked by James Van Riemsdyk.
1:07 of 2nd period - Alexander Semin is hit by Ryan Kesler and loses puck.
1:24 of 2nd period - Wrist shot by Erik Johnson.
1:24 of 2nd period - Stopped by Viktor Fasth without a rebound.
1:25 of 2nd period - Kris Vernarsky wins face-off versus Mikhail Grabovski in Predators zone.
1:34 of 2nd period - Snap shot by Justin Abdelkader.
1:34 of 2nd period - Shot Misses the Net.
1:36 of 2nd period - Slapshot by Alexander Edler.
1:36 of 2nd period - Shot Blocked by Lubomir Visnovsky.
1:38 of 2nd period - Slapshot by Ryan Mcdonagh.
1:38 of 2nd period - Predators goal is going for a video replay.
1:38 of 2nd period - The goal is good.
1:38 of 2nd period - Goal by Ryan Mcdonagh - Predators : 2 - Flames : 3.
1:39 of 2nd period - Alexander Semin wins face-off versus Ryan Kesler in neutral zone.
2:32 of 2nd period - Slapshot by Steve Regier.
2:32 of 2nd period - Deflect By Colin Wilson.
2:32 of 2nd period - Shot Misses the Net.
2:32 of 2nd period - Puck is out of play.
2:33 of 2nd period - Andy Miele wins face-off versus Eric Staal in Predators zone.
3:21 of 2nd period - Icing by Brendan Gallagher.
3:22 of 2nd period - Andy Miele wins face-off versus Patrik Berglund in Predators zone.
3:33 of 2nd period - Snap shot by Marcus Nilson.
3:33 of 2nd period - Stopped by Viktor Fasth without a rebound.
3:34 of 2nd period - Ryan Kesler wins face-off versus Patrik Berglund in Predators zone.
3:59 of 2nd period - Mikael Granlund is hit by Erik Johnson.
4:05 of 2nd period - Snap shot by Steve Regier.
4:05 of 2nd period - Deflect By Alexander Steen.
4:05 of 2nd period - Shot Blocked by Ryan Mcdonagh.
4:05 of 2nd period - Puck is out of play.
4:06 of 2nd period - Ryan Kesler wins face-off versus Eric Staal in Predators zone.
4:21 of 2nd period - Snap shot by Alexander Ovechkin.
4:21 of 2nd period - Shot Blocked by Alexander Semin.
4:35 of 2nd period - Slapshot by Steve Eminger.
4:35 of 2nd period - Deflect By Patrik Berglund.
4:35 of 2nd period - Stopped by Viktor Fasth without a rebound.
4:36 of 2nd period - Mikael Granlund wins face-off versus Patrik Berglund in Predators zone.
4:49 of 2nd period - Snap shot by Niclas Bergfors.
4:49 of 2nd period - Stopped by Pekka Rinne without a rebound.
4:50 of 2nd period - Ryan Kesler wins face-off versus Alexander Semin in Flames zone.
5:01 of 2nd period - Slapshot by Alexander Ovechkin.
5:01 of 2nd period - Stopped by Pekka Rinne without a rebound.
5:02 of 2nd period - Ryan Kesler wins face-off versus Eric Staal in Flames zone.
5:15 of 2nd period - Snap shot by Alexander Ovechkin.
5:15 of 2nd period - Deflect By Ryan Kesler.
5:15 of 2nd period - Stopped by Pekka Rinne without a rebound.
5:16 of 2nd period - Patrik Berglund wins face-off versus Alexander Ovechkin in Flames zone.
5:18 of 2nd period - Icing by Marcus Nilson.
5:19 of 2nd period - Patrik Berglund wins face-off versus Ryan Kesler in Flames zone.
6:15 of 2nd period - Minor Penalty to Steve Regier for Roughing.
6:16 of 2nd period - Ryan Kesler wins face-off versus Mikhail Grabovski in Flames zone.
6:48 of 2nd period - Snap shot by James Van Riemsdyk.
6:48 of 2nd period - Stopped by Pekka Rinne without a rebound.
6:49 of 2nd period - Ryan Kesler wins face-off versus Eric Staal in Flames zone.
8:15 of 2nd period - Penalty to Steve Regier is over, Steve Regier is back on ice.
8:21 of 2nd period - Marcus Nilson is hit by Niclas Bergfors and loses puck.
8:32 of 2nd period - Alexander Edler is hit by Jordin Tootoo and loses puck.
9:01 of 2nd period - Barret Jackman is hit by Eric Staal and loses puck.
9:28 of 2nd period - Snap shot by Michel Ouellet.
9:28 of 2nd period - Stopped by Viktor Fasth with a rebound.
10:07 of 2nd period - Snap shot by Adam Burish.
10:07 of 2nd period - Shot Blocked by Mikhail Grabovski.
10:17 of 2nd period - Snap shot by Alexander Steen.
10:17 of 2nd period - Shot Blocked by Marcus Nilson.
10:31 of 2nd period - Steve Eminger is hit by Barret Jackman and loses puck.
11:21 of 2nd period - Justin Abdelkader is hit by Brad Marchand and loses puck.
11:38 of 2nd period - John Moore is hit by Alexander Semin and loses puck.
11:51 of 2nd period - Slapshot by Dmitri Kalinin.
11:51 of 2nd period - Shot Misses the Net.
11:53 of 2nd period - Wrist shot by James Van Riemsdyk.
11:53 of 2nd period - Shot Blocked by Brendan Mikkelson.
11:55 of 2nd period - Slapshot by Dmitri Kalinin.
11:55 of 2nd period - Deflect By James Van Riemsdyk.
11:55 of 2nd period - Stopped by Pekka Rinne without a rebound.
11:56 of 2nd period - Andy Miele wins face-off versus Colin Wilson in Flames zone.
12:11 of 2nd period - Backhand shot by James Van Riemsdyk.
12:11 of 2nd period - Shot Misses the Net.
12:13 of 2nd period - Snap shot by James Van Riemsdyk.
12:13 of 2nd period - Shot Misses the Net.
12:15 of 2nd period - Snap shot by James Van Riemsdyk.
12:15 of 2nd period - Stopped by Pekka Rinne with a rebound.
12:17 of 2nd period - Slapshot by Alexander Edler.
12:17 of 2nd period - Deflect By Brendan Gallagher.
12:17 of 2nd period - Shot Blocked by Erik Johnson.
12:17 of 2nd period - Puck is out of play.
12:18 of 2nd period - Eric Staal wins face-off versus Ryan Kesler in Flames zone.
12:50 of 2nd period - Michel Ouellet is hit by Niclas Bergfors.
13:32 of 2nd period - Snap shot by Marcus Nilson.
13:32 of 2nd period - Shot Misses the Net.
13:34 of 2nd period - Slapshot by Patrik Berglund.
13:34 of 2nd period - Shot Blocked by Alexander Edler.
13:36 of 2nd period - Slapshot by Derek Meech.
13:36 of 2nd period - Stopped by Viktor Fasth with a rebound.
13:38 of 2nd period - Slapshot by Derek Meech.
13:38 of 2nd period - Stopped by Viktor Fasth with a rebound.
13:40 of 2nd period - Slapshot by Derek Meech.
13:40 of 2nd period - Shot Blocked by Alexander Edler.
14:02 of 2nd period - Off-side.
14:03 of 2nd period - Ryan Kesler wins face-off versus Eric Staal in neutral zone.
14:17 of 2nd period - Icing by Erik Johnson.
14:18 of 2nd period - Alexander Semin wins face-off versus Mikael Granlund in Flames zone.
14:47 of 2nd period - Backhand shot by James Van Riemsdyk.
14:47 of 2nd period - Stopped by Pekka Rinne with a rebound.
15:15 of 2nd period - Alexander Edler is hit by Steve Regier and loses puck.
16:01 of 2nd period - Minor Penalty to Niclas Bergfors for Tripping.
16:02 of 2nd period - Ryan Kesler wins face-off versus Eric Staal in Predators zone.
16:11 of 2nd period - Slapshot by Erik Johnson.
16:11 of 2nd period - Goal by Erik Johnson - Predators : 2 - Flames : 4.
16:12 of 2nd period - Ryan Kesler wins face-off versus Eric Staal in neutral zone.
16:55 of 2nd period - Niclas Bergfors is hit by Marcus Nilson and loses puck.
17:12 of 2nd period - Slapshot by Lubomir Visnovsky.
17:12 of 2nd period - Deflect By Alexander Edler.
17:12 of 2nd period - Stopped by Viktor Fasth with a rebound.
18:28 of 2nd period - Snap shot by James Van Riemsdyk.
18:28 of 2nd period - Stopped by Pekka Rinne without a rebound.
18:29 of 2nd period - Andy Miele wins face-off versus Eric Staal in Flames zone.
18:37 of 2nd period - Slapshot by Alexander Semin.
18:37 of 2nd period - Stopped by Viktor Fasth without a rebound.
18:38 of 2nd period - Ryan Kesler wins face-off versus Eric Staal in Predators zone.
19:03 of 2nd period - Slapshot by Andy Miele.
19:03 of 2nd period - Shot Misses the Net.
19:05 of 2nd period - Snap shot by Andy Miele.
19:05 of 2nd period - Stopped by Pekka Rinne without a rebound.
19:06 of 2nd period - Andy Miele wins face-off versus Patrik Berglund in Flames zone.
19:46 of 2nd period - Minor Penalty to Byron Bitz for Hooking.
19:47 of 2nd period - Ryan Kesler wins face-off versus Eric Staal in Predators zone.
19:47 of 2nd period - Ryan Kesler is hit by David Backes.
Goals for this period are 1 for Predators vs 1 for Flames.
Shots for this period are 11 for Predators vs 9 for Flames.
3rd period
0:01 of 3rd period - Eric Staal wins face-off versus Adam Burish in neutral zone.
0:36 of 3rd period - Slapshot by Erik Johnson.
0:36 of 3rd period - Shot Blocked by Mikael Granlund.
1:46 of 3rd period - Penalty to Byron Bitz is over, Byron Bitz is back on ice.
1:57 of 3rd period - Erik Johnson is hit by James Van Riemsdyk and loses puck.
2:14 of 3rd period - Wrist shot by Kris Vernarsky.
2:14 of 3rd period - Shot Blocked by Derek Meech.
2:16 of 3rd period - Snap shot by Justin Abdelkader.
2:16 of 3rd period - Shot Blocked by Erik Johnson.
2:20 of 3rd period - Snap shot by Justin Abdelkader.
2:20 of 3rd period - Stopped by Pekka Rinne without a rebound.
2:21 of 3rd period - Patrik Berglund wins face-off versus Mikael Granlund in Flames zone.
2:35 of 3rd period - Minor Penalty to Barret Jackman for Holding Stick.
2:36 of 3rd period - Eric Staal wins face-off versus Ryan Kesler in Predators zone.
2:43 of 3rd period - Wrist shot by Alexander Semin.
2:43 of 3rd period - Shot Misses the Net.
2:45 of 3rd period - Slapshot by Brendan Mikkelson.
2:45 of 3rd period - Shot Blocked by Brett Clark.
2:47 of 3rd period - Slapshot by Ron Hainsey.
2:47 of 3rd period - Shot Misses the Net.
2:49 of 3rd period - Slapshot by Eric Staal.
2:49 of 3rd period - Shot Misses the Net.
2:51 of 3rd period - Slapshot by Brendan Mikkelson.
2:51 of 3rd period - Deflect By Alexander Semin.
2:51 of 3rd period - Shot Blocked by Brett Clark.
2:51 of 3rd period - Puck is out of play.
2:52 of 3rd period - Eric Staal wins face-off versus Ryan Kesler in Predators zone.
2:55 of 3rd period - Wrist shot by David Backes.
2:55 of 3rd period - Stopped by Viktor Fasth with a rebound.
2:57 of 3rd period - Slapshot by Erik Johnson.
2:57 of 3rd period - Stopped by Viktor Fasth with a rebound.
2:59 of 3rd period - Wrist shot by David Backes.
2:59 of 3rd period - Shot Misses the Net.
3:23 of 3rd period - Slapshot by Derek Meech.
3:23 of 3rd period - Shot Blocked by Ryan Mcdonagh.
3:25 of 3rd period - Slapshot by Erik Johnson.
3:25 of 3rd period - Deflect By Jordin Tootoo.
3:25 of 3rd period - Shot Blocked by Alexander Edler.
3:25 of 3rd period - Puck is out of play.
3:26 of 3rd period - Eric Staal wins face-off versus Andy Miele in Predators zone.
4:35 of 3rd period - Penalty to Barret Jackman is over, Barret Jackman is back on ice.
4:42 of 3rd period - Snap shot by Mikhail Grabovski.
4:42 of 3rd period - Stopped by Viktor Fasth with a rebound.
4:44 of 3rd period - Slapshot by Lubomir Visnovsky.
4:44 of 3rd period - Stopped by Viktor Fasth without a rebound.
4:45 of 3rd period - Brad Marchand wins face-off versus Mikael Granlund in Predators zone.
4:59 of 3rd period - Snap shot by Brad Marchand.
4:59 of 3rd period - Stopped by Viktor Fasth with a rebound.
5:09 of 3rd period - Snap shot by Brad Marchand.
5:09 of 3rd period - Stopped by Viktor Fasth with a rebound.
5:11 of 3rd period - Wrist shot by Brad Marchand.
5:11 of 3rd period - Shot Blocked by Dmitri Kalinin.
5:30 of 3rd period - Icing by Niclas Bergfors.
5:31 of 3rd period - Eric Staal wins face-off versus Mikael Granlund in Predators zone.
5:44 of 3rd period - Wrist shot by Eric Staal.
5:44 of 3rd period - Shot Blocked by Alexander Steen.
6:07 of 3rd period - Icing by Dmitri Kalinin.
6:08 of 3rd period - Alexander Ovechkin wins face-off versus Eric Staal in Predators zone.
6:13 of 3rd period - Slapshot by Alexander Ovechkin.
6:13 of 3rd period - Shot Blocked by Steve Eminger.
6:15 of 3rd period - Backhand shot by Dmitri Kalinin.
6:15 of 3rd period - Stopped by Pekka Rinne without a rebound.
6:16 of 3rd period - Ryan Kesler wins face-off versus Alexander Semin in Flames zone.
6:35 of 3rd period - Ryan Kesler is hit by Alexander Semin and loses puck.
6:48 of 3rd period - Off-side.
6:49 of 3rd period - Alexander Steen wins face-off versus Patrik Berglund in neutral zone.
7:20 of 3rd period - Snap shot by Brendan Gallagher.
7:20 of 3rd period - Shot Misses the Net.
8:33 of 3rd period - Wrist shot by Niclas Bergfors.
8:33 of 3rd period - Stopped by Pekka Rinne without a rebound.
8:34 of 3rd period - Ryan Kesler wins face-off versus Eric Staal in Flames zone.
8:43 of 3rd period - Wrist shot by Alexander Ovechkin.
8:43 of 3rd period - Shot Misses the Net.
8:45 of 3rd period - Snap shot by Byron Bitz.
8:45 of 3rd period - Predators goal is going for a video replay.
8:45 of 3rd period - The goal is refused. The puck has been kicked using a distinct kicking motion..
8:46 of 3rd period - Ryan Kesler wins face-off versus Eric Staal in Flames zone.
8:57 of 3rd period - Slapshot by Byron Bitz.
8:57 of 3rd period - Shot Misses the Net.
8:59 of 3rd period - Snap shot by Byron Bitz.
8:59 of 3rd period - Stopped by Pekka Rinne with a rebound.
9:33 of 3rd period - Snap shot by Brendan Gallagher.
9:33 of 3rd period - Stopped by Pekka Rinne without a rebound.
9:34 of 3rd period - Andy Miele wins face-off versus Jordin Tootoo in Flames zone.
9:35 of 3rd period - Snap shot by James Van Riemsdyk.
9:35 of 3rd period - Deflect By Andy Miele.
9:35 of 3rd period - Shot Blocked by Lubomir Visnovsky.
9:35 of 3rd period - Puck is out of play.
9:36 of 3rd period - Andy Miele wins face-off versus Eric Staal in Flames zone.
9:36 of 3rd period - Ryan Mcdonagh is hit by Ron Hainsey and loses puck.
9:52 of 3rd period - Wrist shot by Eric Staal.
9:52 of 3rd period - Stopped by Viktor Fasth with a rebound.
10:28 of 3rd period - Icing by Ron Hainsey.
10:29 of 3rd period - Ryan Kesler wins face-off versus Colin Wilson in Flames zone.
10:36 of 3rd period - Snap shot by Byron Bitz.
10:36 of 3rd period - Stopped by Pekka Rinne without a rebound.
10:37 of 3rd period - Ryan Kesler wins face-off versus Eric Staal in Flames zone.
10:38 of 3rd period - Wrist shot by Alexander Ovechkin.
10:38 of 3rd period - Shot Misses the Net.
10:46 of 3rd period - Wrist shot by Alexander Semin.
10:46 of 3rd period - Stopped by Viktor Fasth without a rebound.
10:47 of 3rd period - Ryan Kesler wins face-off versus Eric Staal in Predators zone.
10:49 of 3rd period - Minor Penalty to Byron Bitz for Holding.
10:50 of 3rd period - Eric Staal wins face-off versus Ryan Kesler in Predators zone.
11:26 of 3rd period - Snap shot by Steve Regier.
11:26 of 3rd period - Goal by Steve Regier - Predators : 2 - Flames : 5.
11:27 of 3rd period - Ryan Kesler wins face-off versus Eric Staal in neutral zone.
11:32 of 3rd period - Snap shot by Alexander Edler.
11:32 of 3rd period - Stopped by Pekka Rinne with a rebound.
11:34 of 3rd period - Snap shot by Byron Bitz.
11:34 of 3rd period - Stopped by Pekka Rinne without a rebound.
11:35 of 3rd period - Eric Staal wins face-off versus Ryan Kesler in Flames zone.
11:42 of 3rd period - Slapshot by Alexander Ovechkin.
11:42 of 3rd period - Stopped by Pekka Rinne without a rebound.
11:43 of 3rd period - Eric Staal wins face-off versus Ryan Kesler in Flames zone.
12:46 of 3rd period - Snap shot by Jordin Tootoo.
12:46 of 3rd period - Stopped by Viktor Fasth with a rebound.
12:59 of 3rd period - Icing by Brad Marchand.
13:00 of 3rd period - Kris Vernarsky wins face-off versus Mikhail Grabovski in Flames zone.
13:03 of 3rd period - Snap shot by Adam Burish.
13:03 of 3rd period - Stopped by Pekka Rinne without a rebound.
13:04 of 3rd period - Kris Vernarsky wins face-off versus Eric Staal in Flames zone.
13:29 of 3rd period - Wrist shot by Adam Burish.
13:29 of 3rd period - Deflect By David Backes.
13:29 of 3rd period - Shot Misses the Net.
13:29 of 3rd period - Puck is out of play.
13:30 of 3rd period - Alexander Ovechkin wins face-off versus Marcus Nilson in Flames zone.
13:41 of 3rd period - Wrist shot by Alexander Ovechkin.
13:41 of 3rd period - Stopped by Pekka Rinne with a rebound.
13:43 of 3rd period - Wrist shot by Ryan Kesler.
13:43 of 3rd period - Shot Misses the Net.
13:45 of 3rd period - Slapshot by Barret Jackman.
13:45 of 3rd period - Shot Misses the Net.
14:04 of 3rd period - Wrist shot by Alexander Steen.
14:04 of 3rd period - Shot Misses the Net.
14:22 of 3rd period - Snap shot by David Backes.
14:22 of 3rd period - Shot Misses the Net.
14:24 of 3rd period - Wrist shot by Eric Staal.
14:24 of 3rd period - Stopped by Viktor Fasth without a rebound.
14:25 of 3rd period - Patrik Berglund wins face-off versus Ryan Kesler in Predators zone.
15:01 of 3rd period - Dmitri Kalinin is hit by David Backes and loses puck.
15:07 of 3rd period - Minor Penalty to David Backes for Elbowing.
15:08 of 3rd period - Ryan Kesler wins face-off versus Mikhail Grabovski in Flames zone.
15:12 of 3rd period - Snap shot by Niclas Bergfors.
15:12 of 3rd period - Stopped by Pekka Rinne without a rebound.
15:13 of 3rd period - Mikhail Grabovski wins face-off versus Ryan Kesler in Flames zone.
15:30 of 3rd period - Slapshot by Alexander Ovechkin.
15:30 of 3rd period - Shot Blocked by Steve Eminger.
15:48 of 3rd period - Wrist shot by Andy Miele.
15:48 of 3rd period - Stopped by Pekka Rinne without a rebound.
15:49 of 3rd period - Mikhail Grabovski wins face-off versus Ryan Kesler in Flames zone.
16:02 of 3rd period - Slapshot by Jordin Tootoo.
16:02 of 3rd period - Shot Misses the Net.
16:28 of 3rd period - Snap shot by Alexander Semin.
16:28 of 3rd period - Stopped by Viktor Fasth with a rebound.
17:07 of 3rd period - Penalty to David Backes is over, David Backes is back on ice.
17:22 of 3rd period - Slapshot by Patrik Berglund.
17:22 of 3rd period - Shot Misses the Net.
18:14 of 3rd period - Slapshot by Mikhail Grabovski.
18:14 of 3rd period - Stopped by Viktor Fasth without a rebound.
18:15 of 3rd period - Eric Staal wins face-off versus Andy Miele in Predators zone.
18:20 of 3rd period - Snap shot by Eric Staal.
18:20 of 3rd period - Shot Blocked by Barret Jackman.
18:22 of 3rd period - Wrist shot by David Backes.
18:22 of 3rd period - Stopped by Viktor Fasth with a rebound.
18:24 of 3rd period - Snap shot by Eric Staal.
18:24 of 3rd period - Stopped by Viktor Fasth with a rebound.
18:53 of 3rd period - Snap shot by Alexander Semin.
18:53 of 3rd period - Deflect By David Backes.
18:53 of 3rd period - Shot Hit the Post.
18:53 of 3rd period - Puck is out of play.
18:54 of 3rd period - Ryan Kesler wins face-off versus Patrik Berglund in Predators zone.
19:07 of 3rd period - Off-side.
19:08 of 3rd period - Patrik Berglund wins face-off versus Alexander Ovechkin in neutral zone.
19:39 of 3rd period - Minor Penalty to Dmitri Kalinin for Interference.
19:40 of 3rd period - Eric Staal wins face-off versus Ryan Kesler in Predators zone.
Goals for this period are 0 for Predators vs 1 for Flames.
Shots for this period are 14 for Predators vs 15 for Flames.
Back to the Top